 Dungeon Crawl Stone Soup version 0.28-a0-1143-gcf6077d4cc (webtiles) character file.

Game seed: 9826632942037183277

3913 funkygono the Thaumaturge (level 10, -7/53 HPs)
             Began as a Gargoyle Fire Elementalist on Dec 13, 2021.
             Was a Follower of Vehumet.
             Killed from afar by a lindwurm (34 damage)
             ... with a blast of flame
             ... on level 8 of the Dungeon.
             The game lasted 00:17:08 (9421 turns).

funkygono the Thaumaturge (GrFE)                    Turns: 9421, Time: 00:17:08

Health: -7/53      AC: 14    Str: 13    XL:     10   Next: 20%
Magic:  10/22      EV: 11    Int: 25    God:    Vehumet [*.....]
Gold:   452        SH:  0    Dex: 10    Spells: 16/26 levels left

rFire   . . .      SeeInvis .   e - +2 club (spect)
rCold   . . .      Faith    .   (no shield)
rNeg    + . .      Spirit   .   f - +3 leather armour
rPois   ∞          Reflect  .   (no helmet)
rElec   +          Harm     .   (no cloak)
rCorr   .          Rampage  .   (no gloves)
Will    .....                   n - +0 pair of boots
Stlth   ++........              (no amulet)
HPRegen 0.17/turn               m - +6 ring of intelligence
MPRegen 0.18/turn               (no ring)

@: no status effects
A: sickness immunity, AC +7, negative energy resistance 1, electricity
resistance, torment resistance 1, petrification resistance
a: Renounce Religion


You were on level 8 of the Dungeon.
You worshipped Vehumet.
Vehumet was aware of your devotion.
You visited 2 branches of the dungeon, and saw 9 of its levels.

You collected 452 gold pieces.

Inventory:

Hand Weapons
 e - a +2 spectral club (weapon)
 g - a +1 whip of flaming
 s - a +0 whip of venom
Missiles
 b - 503 stones
Armour
 a - a +1 robe
 f - a +3 leather armour (worn)
 n - a +0 pair of boots (worn)
Jewellery
 l - the ring "Xiablydaj" {rPois rC+ Str+3 Int-5}
   (You found it on level 8 of the Dungeon)

   [ring of protection from cold]

   Str:       It affects your strength (+3).
   Int:       It affects your intelligence (-5).
   rC:        It protects you from cold.
   rPois:     It protects you from poison.
 m - a +6 ring of intelligence (left hand)
 o - a ring of ice
 p - a ring of ice
Wands
 r - a wand of iceblast (16)
Scrolls
 i - a scroll of magic mapping
 k - a scroll of identify
 t - a scroll of teleportation
Potions
 c - 2 potions of berserk rage
 d - 4 potions of ambrosia
 h - a potion of might {unknown}
 j - 4 potions of mutation
 q - a potion of degeneration {unknown}
 u - a potion of flight {unknown}
 v - a potion of curing


   Skills:
 + Level 1.8 Fighting
 + Level 1.8 Maces & Flails
 + Level 3.6 Armour
 + Level 2.1 Dodging
 - Level 2.1 Stealth
 * Level 8.8 Spellcasting
 * Level 6.5 Conjurations
 * Level 8.3 Fire Magic


You had 16 spell levels left.
You knew the following spells:

 Your Spells              Type           Power      Damage    Failure   Level
a - Foxfire               Conj/Fire      100%       2x1d9     1%          1
b - Scorch                Fire           100%       2d10      1%          2
c - Conjure Flame         Conj/Fire      48%        6-21      1%          3
d - Flame Wave            Conj/Fire      48%        2d8       3%          4

Your spell library contained the following spells:

 Spells                   Type           Power      Damage    Failure   Level
 Shock                    Conj/Air       100%       1d9       1%          1
 Inner Flame              Hex/Fire       32%        N/A       3%          3
 Call Canine Familiar     Summ           11%        N/A       21%         3
 Portal Projectile        Hex/Tloc       22%        N/A       21%         3
 Leda's Liquefaction      Hex/Erth       5%         N/A       56%         4


Dungeon Overview and Level Annotations

Branches:
Dungeon (8/15)             Temple (1/1) D:7
   Lair: D:8-11

Altars:
Ashenzari
Dithmenos
Elyvilon
Fedhas
Gozag
Hepliaklqana
Kikubaaqudgha
Makhleb
Nemelex Xobeh
Okawaru
Qazlal
Ru
Sif Muna
Trog
Uskayaw
Vehumet
Xom
Yredelemnul
Zin
The Shining One

Shops:
D:1 :   D:3 *   D:7 *


Innate Abilities, Weirdness & Mutations

You are immune to sickness and miasma.
Your stone body is resilient. (AC +7)
You are immune to poison.
You resist negative energy. (rN+)
You are resistant to electric shocks. (rElec)
You are resistant to unholy torment.
You are immune to petrification.


Message History

The blast of flame hits you!!
A lindwurm comes into view.
Unknown command.
Casting: Foxfire (safe; 1% risk of failure)
Confirm with . or Enter, or press ? or * to list all spells.
You conjure some foxfire!
Unknown command.
Casting: Foxfire (safe; 1% risk of failure)
Confirm with . or Enter, or press ? or * to list all spells.
You conjure some foxfire!
Your foxfire dissipates!
The foxfire hits the lindwurm.
The lindwurm is heavily wounded.
The foxfire hits the lindwurm!
The lindwurm is heavily wounded.
The lindwurm breathes flames at you. The blast of flame hits your foxfire.
Your foxfire completely resists.
The blast of flame misses you.
Your foxfire dissipates!
A lindwurm comes into view.
Casting: Foxfire (safe; 1% risk of failure)
Confirm with . or Enter, or press ? or * to list all spells.
You conjure some foxfire!
The foxfire hits the lindwurm!
The lindwurm is severely wounded.
Your magical contamination has completely faded away.
Unknown command.
Casting: Foxfire (safe; 1% risk of failure)
Confirm with . or Enter, or press ? or * to list all spells.
You conjure some foxfire!
Unknown command.
Casting: Foxfire (safe; 1% risk of failure)
Confirm with . or Enter, or press ? or * to list all spells.
You conjure some foxfire!
Your foxfire dissipates!
The foxfire hits the lindwurm but does no damage.
The lindwurm breathes flames at you. The blast of flame hits you!!
Ouch! That really hurt!
You die...

#.#.#.#.## ##.# .####
##..# .. .######..###
#.## ............
#..#####....##..###.
#.#.....≈......####
##....≈..≈≈.......##
##§.§..§§≈≈§§≈§≈....#
#§§§@§§v§§≈§§§§≈§§...
##§§.§§§§§§≈§≈≈≈§§≈...
#..≈§§§§≈§§§≈≈§≈§≈§§§.
#..§§§§≈≈§....≈≈§§§≈..
#..≈≈§≈§kk.##..§≈≈§§§.
##..≈≈≈≈≈vk####..§§≈§§.
#..≈≈≈§§§.#.$ .#§§§≈§§.
##..≈§≈≈≈.##() ##.§§≈§≈
#...≈§≈§≈.## #§§§≈≈§


You could see 3 lindwurms.

Vanquished Creatures
  A deep elf pyromancer (D:8)
  Pikel (D:7)
  2 water moccasins
  An ice beast (D:7)
  A sky beast (D:8)
  A black bear (D:8)
  4 ogres
  A necrophage (D:7)
  A centaur (D:5)
  A lemure (D:7)
  A phantom (D:6)
  4 kobold brigands (D:3)
  3 bullfrogs
  4 scorpions
  11 killer bees
  A gnoll shaman (D:8)
  2 orc priests
  A bullfrog skeleton (D:5)
  4 hounds
  2 jellies
  Jessica (D:2)
  3 iguanas
  2 orc wizards (D:8)
  A killer bee zombie (D:5)
  A howler monkey zombie (D:6)
  13 gnolls
  A howler monkey skeleton (D:7)
  3 adders (D:4)
  A shadow imp (D:8)
  2 white imps (D:7)
  3 ufetubi
  2 adder skeletons (D:4)
  3 worms
  2 dart slugs
  17 orcs
  A bat (D:3)
  3 endoplasms
  2 giant cockroaches
  6 goblins
  8 hobgoblins
  9 jackals
  3 quokkas
  12 ball pythons
  2 frilled lizards
  41 kobolds
  4 rats
  A butterfly (D:7)
194 creatures vanquished.

Vanquished Creatures (collateral kills)
  4 foxfires
4 creatures vanquished.

Vanquished Creatures (others)
  678 foxfires
  A plant (D:4)
679 creatures vanquished.

Grand Total: 877 creatures vanquished

Notes
Turn   | Place    | Note
-------+----------+-------------------------------------------
     0 | D:1      | funkygono the Gargoyle Fire Elementalist began the quest
                  | for the Orb.
     0 | D:1      | Reached XP level 1. HP: 10/10 MP: 3/3
   179 | D:1      | Reached XP level 2. HP: 15/15 MP: 1/5
   182 | D:1      | Learned a level 2 spell: Scorch
   608 | D:1      | Found Reb Sot's Book Shoppe.
   718 | D:1      | Found a faded altar of an unknown god.
  1176 | D:1      | Reached XP level 3. HP: 11/19 MP: 1/6
  1915 | D:2      | Noticed Jessica
  1923 | D:2      | Killed Jessica
  1924 | D:2      | Reached skill level 1 in Armour
  1924 | D:2      | Reached XP level 4. HP: 24/24 MP: 0/8
  2103 | D:3      | You fall into a shaft and drop 2 floors!
  2103 | D:5      | Entered Level 5 of the Dungeon
  2294 | D:4      | Reached XP level 5. HP: 28/28 MP: 1/9
  2409 | D:4      | Noticed an ogre
  2414 | D:4      | Killed an ogre
  2562 | D:4      | Found a burning altar of Makhleb.
  2563 | D:4      | Found a glowing silver altar of Zin.
  2563 | D:4      | Noticed an angel
  2564 | D:4      | Noticed a cacodemon
  2617 | D:4      | Reached XP level 6. HP: 14/32 MP: 6/12
  3102 | D:3      | Found Dugg's General Store.
  3272 | D:3      | Found a stormy altar of Qazlal.
  3529 | D:3      | Found a hazy altar of Hepliaklqana.
  3832 | D:3      | Reached XP level 7. HP: 37/37 MP: 5/13
  4064 | D:3      | Reached skill level 5 in Fire Magic
  4364 | D:3      | Reached skill level 5 in Spellcasting
  4903 | D:3      | Learned a level 3 spell: Conjure Flame
  4908 | D:3      | Learned a level 4 spell: Flame Wave
  5005 | D:4      | Reached XP level 8. HP: 29/42 MP: 10/16
  5766 | D:5      | Reached skill level 1 in Maces & Flails
  6490 | D:6      | Reached skill level 1 in Fighting
  6491 | D:6      | HP: 2/43 [killer bee (1)]
  6503 | D:6      | HP: 1/43 [killer bee (4)]
  6524 | D:6      | HP: 1/43 [killer bee (5)]
  7101 | D:6      | Reached skill level 5 in Conjurations
  7101 | D:6      | Reached XP level 9. HP: 47/47 MP: 14/19
  7356 | D:6      | Found a blossoming altar of Fedhas.
  7595 | D:7      | Found Eshroargh's Assorted Antiques.
  7602 | D:7      | Noticed Pikel
  7616 | D:7      | Killed Pikel
  7941 | D:7      | Found a broken altar of Ashenzari.
  7951 | D:7      | Saw a vision of the Shoals and the Spider Nest.
  7951 | D:7      | Noticed a wind drake
  7951 | D:7      | Noticed a merfolk
  7951 | D:7      | Noticed a merfolk siren
  8138 | D:7      | Found a staircase to the Ecumenical Temple.
  8150 | Temple   | Entered the Ecumenical Temple
  8172 | Temple   | Became a worshipper of Vehumet
  8670 | D:8      | Noticed a deep elf pyromancer
  8679 | D:8      | Killed a deep elf pyromancer
  8680 | D:8      | Reached XP level 10. HP: 32/53 MP: 11/22
  8994 | D:8      | Identified the ring "Xiablydaj" {rPois rC+ Str+3 Int-5}
  9045 | D:8      | Reached * piety under Vehumet
  9045 | D:8      | Offered knowledge of Shock by Vehumet.
  9401 | D:8      | Noticed a lindwurm
  9415 | D:8      | Noticed a lindwurm
  9417 | D:8      | Noticed a lindwurm
  9421 | D:8      | Killed from afar by a lindwurm

Illustrated notes

Levels and vault maps discovered:
D:1:      minmay_arrival_checkered_box, layout_basic, serial_shops,
          nicolae_shop_trees, dreamdust_ecumenical_altar_angels_and_demons
D:2:      layout_rooms, kennysheep_jessica_study
D:3:      minmay_goblin_kobold_castle, layout_rooms, lemuel_tele_altar,
          nicolae_overflow_crystal_walls, serial_shops,
          nicolae_shop_temple_entry_statues_fountains, serial_curves,
          eino_curves_01, eino_curves_02, eino_curves_04, eino_curves_01
D:4:      layout_gridville, grunt_temple_overflow_order_and_chaos_2,
          saegor_snake_ambush
D:5:      layout_cave_pods, serial_bayou_pond_d, st_stairs_12
D:6:      layout_loops_ring, marbit_many_paths, moated_statue
D:7:      layout_basic, grunt_ashenzari_visionary
          [grunt_ashenzari_visionary_shoals, grunt_ashenzari_visionary_spider],
          minmay_temple_entry_butterflies, serial_shops, nicolae_stop_n_shop_1,
          kennysheep_diamond, uniq_pikel
D:8:      layout_rooms, st_stairs_12, hex_tiny, minmay_lindwurm_lava
Temple:   nicolae_temple_great_sept

Skill      XL: |  1  2  3  4  5  6  7  8  9 |
---------------+----------------------------+-----
Conjurations   | 2 3 5 6 |  6.5
Armour         | 1 2 3 |  3.6
Spellcasting   | 3 4 5 6 8 |  8.8
Fire Magic     | 4 5 6 8 |  8.3
Maces & Flails | 1 |  1.8
Fighting       | 1 |  1.8
Dodging        | 2 |  2.1
Stealth        | |  2.1

Action                   |  1- 3 |  4- 6 |  7- 9 | 10-12 || total
-------------------------+-------+-------+-------+-------++-------
Melee: Club              |    11 |     8 |    83 |     5 ||   107
 Cast: Foxfire           |    69 |    77 |   211 |    44 ||   401
       Scorch            |     4 |     6 |    19 |     3 ||    32
       Flame Wave        |       |       |       |     2 ||     2
  Use: Scroll            |     1 |     5 |     9 |       ||    15
       Potion            |       |       |     4 |       ||     4
Armor: Robe              |     3 |       |       |       ||     3
       Leather armour    |    16 |     2 |    59 |    13 ||    90
Dodge: Dodged            |    30 |     2 |    69 |    14 ||   115

Table legend: (Time is in decaauts)
 A = Elapsed time spent in this place.
 B = Non-inter-level travel time spent in this place.
 C = Inter-level travel time spent in this place.
 D = Time resting spent in this place.
 E = Time spent auto-exploring this place.
 F = Levels seen in this place.
 G = Mean time per level.
                   A        B        C        D        E       F      G
               +--------+--------+--------+--------+--------+-----+--------+
         Total |   9494 |   9285 |    209 |    300 |   7657 |   9 | 1054.9 |
       Dungeon |   9396 |   9201 |    195 |    300 |   7591 |   8 | 1174.5 |
        Temple |     97 |     84 |     13 |      0 |     66 |   1 |   97.0 |
               +--------+--------+--------+--------+--------+-----+--------+

Top non-repeatable levels by time:
     D:3: 1928 daAuts
     D:1: 1377 daAuts
     D:4: 1311 daAuts
     D:6: 1274 daAuts
     D:5: 1032 daAuts
     D:7: 925 daAuts
     D:8: 814 daAuts
     D:2: 732 daAuts
  Temple: 97 daAuts
